Map: Ruins of Seras

Players

sciinsane

  • Race: Zerg Zerg
  • League: Diamond

JessCJames - Winner!

  • Race: Protoss Protoss
  • League: Diamond

VOD

Have the link to the VOD?

Description

Time

  • Played on: Dec. 26, 2015, 3:04 p.m.
  • Length: 9:17
Show
View Real Time Build Order
Export as new Build Order

sciinsane Zerg 

Build Orders: Pool First 

Get SALT Encoding   

  12  0:01  Drone  
  13  0:23  Spawning Pool  
  13  0:27  Drone  
  13  0:31  Drone  
  14  1:01  Hatchery  
  13  1:09  Extractor  
  13  1:10  Zergling x4, Extractor  
  13  1:14  Zergling x2  
  16  1:33  Overlord  
  16  1:53  Drone  
  17  1:54  Drone  
  17  1:58  Hatchery  
  17  2:00  Drone  
  18  2:10  Drone  
  18  2:15  Drone  
  19  2:25  Queen  
  20  2:33  Queen  
  20  2:34  Drone  
  23  2:42  Drone  
  23  2:47  Overlord  
  23  2:48  Drone  
  24  2:59  Drone  
  24  3:00  Drone x3  
  28  3:17  Drone x4  
  32  3:25  Queen  
  34  3:27  Queen  
  34  3:32  Drone x2  
  34  3:33  Extractor  
  37  3:34  Drone  
  38  3:43  Drone x2  
  38  3:44  Drone x2  
  42  3:58  Overlord  
  42  4:21  Drone x4  
  42  4:22  Drone x2  
  48  4:24  Drone x2  
  48  4:27  Overlord  
  48  4:30  Overlord x3  
  50  4:54  Extractor  
  50  4:57  Extractor  
  50  4:58  Extractor  
  47  5:08  Drone  
  47  5:09  Drone x6  
  47  5:10  Drone x4  
  47  5:11  Metabolic Boost  
  58  5:15  Roach Warren  
  57  5:22  Zergling x8  
  61  5:32  Spine Crawler  
  61  5:33  Spine Crawler  
  59  5:40  Evolution Chamber  
  58  5:43  Evolution Chamber  
  58  5:48  Drone x2, Extractor  
  58  5:49  Extractor  
  57  5:52  Lair  
  57  5:54  Drone x3  
  60  6:03  Burrow  
  60  6:04  Drone x2  
  60  6:05  Drone x5  
  65  6:35  Zergling x12  
  65  6:36  Zergling x6  
  74  6:56  Zerg Missile Weapons Level 1, Zerg Ground Armor Level 1  
  74  6:58  Glial Reconstitution  
  74  7:02  Pneumatized Carapace  
  74  7:04  Hydralisk Den  
  74  7:05  Overseer  
  73  7:17  Spore Crawler  
  73  7:20  Drone x3  
  73  7:21  Drone x3  
  73  7:22  Drone  
  73  7:44  Queen x2  
  70  7:45  Hydralisk  
  70  7:46  Overlord x4  
  70  7:47  Overlord, Hydralisk x2  
  70  7:48  Hydralisk  
  70  7:49  Overlord x2  
  82  8:25  Roach  
  82  8:26  Hydralisk x6, Roach  
  82  8:27  Hydralisk  
  89  8:33  Hatchery  
  98  8:39  Roach x3  
  102  8:48  Roach x2  
  106  8:51  Roach  
Show
View Real Time Build Order
Export as new Build Order

JessCJames Protoss - Winner!

Build Orders: 1 Gate Expand 

Get SALT Encoding   

  12  0:01  Probe (Chrono Boost)  
  13  0:11  Probe (Chrono Boost)  
  14  0:22  Probe (Chrono Boost)  
  14  0:24  Pylon  
  15  0:42  Probe (Chrono Boost)  
  16  0:45  Gateway  
  16  0:53  Probe (Chrono Boost)  
  17  1:03  Probe (Chrono Boost)  
  18  1:14  Probe (Chrono Boost)  
  19  1:21  Nexus  
  19  1:27  Probe (Chrono Boost)  
  20  1:35  Cybernetics Core  
  20  1:42  Pylon  
  20  1:45  Probe (Chrono Boost)  
  21  1:51  Assimilator  
  21  1:54  Assimilator  
  23  2:08  Forge, Zealot  
  23  2:11  Probe (Chrono Boost)  
  24  2:27  Probe (Chrono Boost)  
  25  2:40  Probe (Chrono Boost)  
  25  2:43  Zealot (Chrono Boost)  
  28  2:50  Photon Cannon  
  28  2:58  Probe (Chrono Boost)  
  29  3:03  Probe (Chrono Boost)  
  30  3:09  Probe  
  31  3:13  Probe (Chrono Boost)  
  31  3:19  Pylon  
  32  3:21  Probe (Chrono Boost)  
  32  3:25  Probe (Chrono Boost)  
  34  3:32  Probe (Chrono Boost)  
  35  3:36  Mothership Core (Chrono Boost)  
  35  3:38  Gateway  
  37  3:43  Probe (Chrono Boost)  
  38  3:51  Pylon  
  38  3:53  Probe x2 (Chrono Boost)  
  42  3:55  Stalker (Chrono Boost)  
  42  4:03  Probe  
  42  4:04  Probe  
  44  4:14  Probe  
  44  4:15  Protoss Ground Weapons Level 1  
  44  4:16  Probe  
  46  4:19  Stargate  
  46  4:30  Photon Cannon x2  
  46  4:42  Pylon  
  46  4:44  Probe  
  47  4:51  Probe  
  48  5:02  Pylon  
  48  5:08  Oracle (Chrono Boost)  
  51  5:21  Probe  
  52  5:29  Gateway x2  
  52  5:30  Gateway  
  52  5:35  Probe, Photon Cannon  
  53  5:39  Oracle (Chrono Boost)  
  53  5:41  Warp Gate (Chrono Boost)  
  56  5:44  Gateway  
  56  5:45  Gateway  
  56  5:49  Probe  
  57  5:51  Assimilator  
  57  5:56  Photon Cannon  
  57  5:57  Probe  
  57  5:59  Photon Cannon  
  57  6:01  Pylon, Photon Cannon  
  57  6:03  Pylon, Assimilator  
  58  6:11  Probe  
  58  6:12  Probe  
  58  6:14  Oracle (Chrono Boost)  
  63  6:21  Probe  
  61  6:27  Probe  
  62  6:46  Stalker x6  
  74  6:57  Pylon  
  74  7:00  Gateway  
  74  7:02  Oracle (Chrono Boost)  
  74  7:03  Gateway  
  74  7:05  Gateway  
  77  7:15  Pylon  
  77  7:16  Photon Cannon  
  77  7:47  Probe, Oracle  
  81  7:53  Stalker x5  
  81  7:54  Stalker x2, Probe  
  81  7:55  Pylon  
  96  8:05  Probe  
  97  8:15  Probe  
  98  8:21  Pylon  
  98  8:23  Oracle  
  98  8:24  Pylon  
  98  8:25  Pylon  
  101  8:28  Adept x5  
  101  8:29  Adept x3  
  112  9:03  Stalker x8  
Tags
 
Add a new tag
Caveats
  • Supply blocks, unpowered buildings, or Contaminate may cause inaccurate times.
  • Supply counts are checked every 10 seconds.